 Dungeon Crawl Stone Soup version 0.15-a0-1004-gbf4e2e6 (console) character file.

85068 Kellhus the Severer (level 15, 110/110 HPs)
             Began as a Mummy Fighter on May 23, 2014.
             Was the Champion of Okawaru.
             Quit the game on Level 15 of the Dungeon on May 25, 2014.
             The game lasted 01:18:30 (34546 turns).

Kellhus the Severer (Mummy Fighter)                Turns: 34546, Time: 01:18:30

HP 110/110       AC 26     Str 19      XL: 15   Next: 37%
MP  25/25        EV  3     Int 12 (13) God: Okawaru [******]
Gold 3029        SH 37     Dex 23      Spells:  0 memorised, 14 levels left

rFire  . . .     SeeInvis .     L - +6 broad axe (flame)
rCold  + . .     Clarity  .     j - +4 plate armour of the Untouchables {Int+3 Curse}
rNeg   + + +     Conserve +     h - +1 large shield (curse)
rPois  +         rCorr    .     M - +1 helmet {Int+3}
rElec  .         rRot     +     T - +0 cloak {+Inv}
SustAb .         Spirit   .     W - +0 pair of gloves {Dex+3}
rMut   .         Warding  .     r - +2 pair of boots
Gourm  .         Stasis   .     U - cursed amulet of conservation
MR     +....                    a - +4 ring of dexterity
                                e - ring of protection from fire

@: somewhat resistant to hostile enchantments, extremely unstealthy
A: no food or potions, fire vulnerability, in touch with death, restore body,
cold resistance 1, life protection 3, poison resistance, torment resistance,
unbreathing
a: Self-Restoration, Heroism, Finesse, Renounce Religion, Evoke Invisibility


You were on level 15 of the Dungeon.
You worshipped Okawaru.
Okawaru was exalted by your worship.
You were not hungry.

You visited 4 branches of the dungeon, and saw 28 of its levels.
You also visited: Ice Cave.

You collected 3200 gold pieces.
You spent 171 gold pieces at shops.

Inventory:

Hand weapons
 A - a +0,+2 cutlass of distortion
 I - the cursed +7,+6 Sceptre of Torment
   (You found it in an ice cave)

   It has a curse placed upon it.
 J - the +8,+8 executioner's axe "Hatayps" {venom, rF- MR+ Int+2 SInv}
   (Okawaru gifted it to you on level 11 of the Dungeon)

   It poisons the flesh of those it strikes.
   It affects your intelligence (+2).
   It makes you vulnerable to fire.
   It affects your resistance to hostile enchantments.
   It enhances your eyesight.
 L - a +6,+6 broad axe of flaming (weapon)
Missiles
 y - 9 curare-tipped needles
Armour
 h - a cursed +1 large shield (worn)
 j - the cursed +4 plate armour of the Untouchables (worn) {Int+3 Curse}
   (Okawaru gifted it to you on level 6 of the Lair of Beasts)

   It affects your intelligence (+3).
   It may recurse itself when equipped.
   It has a curse placed upon it.
 r - a +2 pair of boots (worn)
 D - the +0 hat "Plawiot" {Dex+2 Int+2 Curse}
   (You found it on level 9 of the Dungeon)

   It affects your intelligence (+2).
   It affects your dexterity (+2).
   It may recurse itself when equipped.
 M - a +1 helmet of intelligence (worn)
 O - the +0 pair of boots "Kaobophe" {rElec}
   (You acquired it on level 3 of the Lair of Beasts)

   It insulates you from electricity.
 T - a +0 cloak of darkness (worn)
 W - a +0 pair of gloves of dexterity (worn)
Magical devices
 c - a wand of slowing (16) {unknown}
 d - a wand of fire (5)
 i - a wand of enslavement (14)
 n - a wand of disintegration (4)
 o - a wand of draining (0)
 p - a wand of digging (6)
 s - a wand of random effects (21) {unknown}
 t - a wand of magic darts (0)
 u - a wand of fireball (4) {unknown}
 w - a wand of heal wounds (1)
 x - a wand of fire (5)
 B - a wand of frost (0)
 C - a wand of magic darts (0)
 G - a wand of lightning (1)
 K - a wand of paralysis (6)
 S - a wand of frost (8)
 X - a wand of draining (7)
Scrolls
 f - 2 scrolls of noise
 g - a scroll of immolation
 m - 3 scrolls of teleportation
 q - 2 scrolls of fog
 H - a scroll of silence
 N - 5 scrolls of identify
 Q - 7 scrolls of remove curse
 V - 2 scrolls of summoning
 Y - a scroll of fear
Jewellery
 a - a +4 ring of dexterity (right hand)
 b - a +3 ring of intelligence
 e - a ring of protection from fire (left hand)
 z - an uncursed ring of teleportation
 F - an uncursed ring of sustain abilities
 U - a cursed amulet of conservation (around neck)
 Z - an uncursed amulet of rage
Books
 k - a book of Party Tricks

   Spells                             Type                      Level
   Summon Butterflies                 Summoning                    1
   Apportation                        Translocation                1
   Blink                              Translocation                2
   Alistair's Intoxication            Transmutation/Poison         4
   Tukima's Dance                     Hexes                        5
 v - a book of Wizardry

   Spells                             Type                      Level
   Agony                              Necromancy                   5
   Force Lance                        Conjuration                  5
   Dispersal                          Translocation                6
   Haste                              Charms                       6
   Invisibility                       Hexes                        6
   Spellforged Servitor               Conjuration/Summoning        7
 E - a book of Minor Magic

   Spells                             Type                      Level
   Magic Dart                         Conjuration                  1
   Blink                              Translocation                2
   Call Imp                           Summoning                    2
   Repel Missiles                     Charms/Air                   2
   Slow                               Hexes                        2
   Conjure Flame                      Conjuration/Fire             3
   Mephitic Cloud                     Conjuration/Poison/Air       3
Magical staves
 l - an uncursed staff of poison {unknown}
Miscellaneous
 R - a lamp of fire


   Skills:
 - Level 8.0 Fighting
 + Level 17.1 Axes
 - Level 8.0 Armour
 - Level 10.5 Shields
 - Level 6.1 Invocations


You had 14 spell levels left.
You didn't know any spells.

Dungeon Overview and Level Annotations

Branches:
Dungeon (15/15)            Temple (1/1) D:4             Orc (4/4) D:12
    Elf (0/3) Orc:3          Lair (8/8) D:11          Swamp (0/5) Lair:6
 Spider (0/5) Lair:3        Slime (0/6) Lair:7       Vaults (0/5) D:13
 Depths (0/5) D:15

Altars:
Ashenzari
Cheibriados
Dithmenos
Fedhas
Gozag
Kikubaaqudgha
Makhleb
Nemelex Xobeh
Okawaru
Qazlal
Sif Muna
Trog
Vehumet
Xom
Yredelemnul
Zin
The Shining One
Beogh
Lugonu

Shops:
D:5 *   D:9 %   Orc:4 =?[(

Portals:
Trove: D:15 (give wand of hasting (9))

Annotations:
Lair:8 exclusion: oklob plant


Innate Abilities, Weirdness & Mutations

You do not eat or drink.
Your flesh is vulnerable to fire.
You are in touch with the powers of death.
You can restore your body by infusing magical energy.
Your flesh is cold resistant.
You are immune to negative energy.
Your system is resistant to poisons.
You are immune to unholy pain and torment.
You can survive without breathing.


Message History

Okawaru is exalted by your worship.
HP restored.
You now have 3029 gold pieces (gained 17).
You enter the shallow water.
Moving in this stuff is going to be slow.
You enter the shallow water.
Moving in this stuff is going to be slow.
You enter the shallow water.
Moving in this stuff is going to be slow.
There is a stone staircase leading up here.
Done exploring.
Done exploring.
Read which item? (? for menu, Esc to quit)
Okay, then.
You can't eat.
Saving game... please wait.
Welcome back, Kellhus the Mummy Fighter.
Okawaru says: Bring me glory in combat!
Press ? for a list of commands and other information.
Are you sure you want to abandon this character and quit the game? (Confirm with "yes".)

.######.#####.#######..#
.# #.# #....#.....# ♣#
#.# #.##.#.###.# P# #.#
#.##.#[# #.# .# #.#
#.##...# #%# .# #.#
#.###### #.# .# #.# #.#
#.####### .######.#
#.#### #.......#
........# #..(@##
#######.# #########
#[###.##########.# # #.#
#.%..........# #
#.###.############ #
#....## #
#.#.############ #
#)#............# #
#)############.# #
##########.# #.#


There were no monsters in sight!

Vanquished Creatures
  Saint Roka (Orc:4)
  An orc warlord (Orc:3)
  Gastronok (Lair:2)
  A stone giant (Orc:4)
  A dire elephant (Lair:8)
  An ettin (D:15)
  Josephine (Orc:2)
  6 hydras
  Harold (Lair:2)
  A vault guard (D:13)
  Erica (Lair:1)
  5 tengu warriors
  3 centaur warriors
  Urug (D:14)
  An orc high priest (Orc:4)
  Nergalle (Lair:6)
  2 unseen horrors
  3 ice devils (IceCv)
  5 hill giants
  2 ice statues (IceCv)
  2 orc knights
  3 griffons
  2 orc sorcerers
  9 spiny frogs
  7 elephants (Lair:6)
  2 gargoyles
  A guardian serpent (shapeshifter) (D:15)
  2 tengu conjurers (D:15)
  5 black mambas
  A yaktaur (D:15)
  4 fire drakes
  Grinder (D:5)
  3 trolls
  3 blue devils (IceCv)
  8 komodo dragons
  2 hydra zombies
  Prince Ribbit (D:7)
  6 slime creatures (D:12)
  14 blink frogs
  4 ravens (D:13)
  2 two-headed ogres
  2 boulder beetles
  8 basilisks
  A spectral orc (Lair:6)
  3 hungry ghosts
  4 wyverns
  A water elemental (D:15)
  37 yaks
  4 deep elf magi
  A vampire (D:14)
  9 ugly things (D:12)
  3 elephant slugs
  4 hippogriffs
  2 wraiths
  A hill giant skeleton (D:12)
  7 vampire mosquitoes
  9 porcupines
  6 wargs
  A soldier ant (D:13)
  14 water moccasins
  A swamp drake (D:8)
  15 ice beasts
  4 sky beasts
  44 orc warriors
  6 spiders (Lair:3)
  3 black bears
  2 yellow wasps
  2 phantoms
  13 centaurs
  A necrophage (D:11)
  A big kobold (D:7)
  14 crocodiles
  13 giant slugs
  A brain worm (D:15)
  15 ogres
  Edmund (D:5)
  18 giant frogs
  6 killer bees
  A cyclops skeleton (D:14)
  3 scorpions
  19 wights
  A pulsating lump (Lair:7)
  An electric eel (Lair:2)
  3 vampire bats (D:12)
  2 quasits
  8 crimson imps
  17 hounds
  A gnoll shaman (D:9)
  2 giant frog skeletons
  6 human zombies (D:13)
  26 orc priests
  3 goliath beetles
  3 jellies
  A two-headed ogre skeleton (D:10)
  An iron imp (D:9)
  48 orc wizards
  A black bear skeleton (D:8)
  5 big fish
  3 human skeletons (D:13)
  5 iguanas
  13 worker ants
  34 sheep
  Ijyb (D:3)
  Jessica (D:2)
  2 ogre skeletons
  3 mummies (D:13)
  Terence (D:3)
  A hound skeleton (D:4)
  25 adders
  43 green rats
  4 shadow imps
  A worm zombie (D:9)
  4 giant mites
  7 white imps
  5 worms
  4 ufetubi (IceCv)
  2 adder zombies
  An iguana skeleton (D:11)
  6 giant geckos
  2 oozes
  224 orcs
  2 ball pythons (D:3)
  33 bats
  4 giant cockroaches
  7 gnolls
  27 goblins
  18 hobgoblins
  21 jackals
  14 quokkas
  8 giant newts
  A goblin simulacrum (Orc:2)
  A hobgoblin skeleton (D:8)
  A hobgoblin zombie (Orc:2)
  26 kobolds
  An orc simulacrum (Orc:2)
  3 orc skeletons
  8 orc zombies
  A quokka zombie (D:9)
  17 rats
  6 ballistomycetes
  9 fungi
  9 plants
1159 creatures vanquished.

Vanquished Creatures (others)
  A wyvern (D:14)
  2 jellies (D:9)
  2 orc wizards
  3 white imps (IceCv)
  4 ufetubi (IceCv)
  An orc (D:9)
  4 giant spores
  A kobold (D:3)
  11 fungi (Lair:8)
  2 plants
31 creatures vanquished.

Grand Total: 1190 creatures vanquished

Notes
Turn   | Place    | Note
--------------------------------------------------------------
     0 | D:1      | Kellhus, the Mummy Fighter, began the quest for the Orb.
     0 | D:1      | Reached XP level 1. HP: 18/18 MP: 1/1
   128 | D:1      | Reached XP level 2. HP: 20/24 MP: 2/2
   761 | D:2      | Found a sparkling altar of Nemelex Xobeh.
   814 | D:2      | Reached XP level 3. HP: 16/29 MP: 3/3
  1001 | D:2      | Noticed Jessica
  1010 | D:2      | Killed Jessica
  1110 | D:2      | Reached XP level 4. HP: 31/35 MP: 4/4
  1517 | D:3      | Found a blossoming altar of Fedhas.
  2093 | D:3      | Reached XP level 5. HP: 36/41 MP: 5/5
  2216 | D:3      | Found a stormy altar of Qazlal.
  2566 | D:3      | Noticed Ijyb
  2573 | D:3      | Reached skill level 4 in Axes
  2592 | D:3      | Killed Ijyb
  2633 | D:3      | Noticed Terence
  2674 | D:3      | Killed Terence
  2844 | D:4      | Reached XP level 6. HP: 44/47 MP: 6/6
  3149 | D:4      | Found a staircase to the Ecumenical Temple.
  3163 | Temple   | Entered the Ecumenical Temple
  3184 | Temple   | Became a worshipper of Warmaster Okawaru
  3298 | D:4      | Noticed an ogre
  3303 | D:4      | Killed an ogre
  3448 | D:4      | Found a basalt altar of Yredelemnul.
  3718 | D:5      | Entered Level 5 of the Dungeon
  3724 | D:5      | Noticed Edmund
  3750 | D:5      | Killed Edmund
  3809 | D:5      | Found an ancient bone altar of Kikubaaqudgha.
  3973 | D:5      | Noticed Grinder
  3984 | D:5      | Reached skill level 5 in Axes
  3984 | D:5      | Reached XP level 7. HP: 52/52 MP: 7/7
  3994 | D:5      | Paralysed by Grinder for 2 turns
  3999 | D:5      | Killed Grinder
  3999 | D:5      | Acquired Okawaru's first power
  3999 | D:5      | Reached skill level 6 in Axes
  4000 | D:5      | Found an opulent altar of Gozag.
  4179 | D:5      | Found Smerag's General Store.
  4480 | D:6      | Found a shimmering altar of Xom.
  4690 | D:6      | Reached XP level 8. HP: 45/58 MP: 8/8
  4770 | D:6      | Reached skill level 7 in Axes
  5262 | D:7      | Reached skill level 8 in Axes
  5353 | D:7      | Got a fine robe
  5430 | D:7      | Found a radiant altar of Vehumet.
  5952 | D:7      | Noticed Prince Ribbit
  5998 | D:7      | Killed Prince Ribbit
  5998 | D:7      | Reached skill level 9 in Axes
  5998 | D:7      | Reached XP level 9. HP: 27/63 MP: 9/9
  6335 | D:8      | Found a bloodstained altar of Trog.
  6483 | D:8      | Reached skill level 10 in Axes
  7365 | D:8      | Found a burning altar of Makhleb.
  8070 | D:9      | Reached skill level 5 in Armour
  8168 | D:9      | Received a gift from Okawaru
  9005 | D:9      | Found Gitamidau's Food Shop.
  9062 | D:9      | Reached XP level 10. HP: 64/70 MP: 10/10
  9106 | D:9      | Reached skill level 5 in Shields
  9847 | D:9      | Got a twisted hat
  9851 | D:9      | Identified the +0 hat "Plawiot" {Dex+2 Int+2 Curse} (You found it on level 9 of the Dungeon)
  9910 | D:10     | Entered Level 10 of the Dungeon
  9978 | D:10     | Reached skill level 5 in Fighting
 10325 | D:10     | Noticed a hill giant
 10860 | D:10     | Killed a hill giant
 10887 | D:11     | Acquired Okawaru's second power
 11325 | D:11     | Noticed a hill giant
 11440 | D:10     | Reached skill level 11 in Axes
 11760 | D:11     | Received a gift from Okawaru
 11776 | D:11     | Killed a hill giant
 11784 | D:11     | Received a gift from Okawaru
 11785 | D:11     | Got a polished executioner's axe {god gift}
 11796 | D:11     | Identified the +8,+8 executioner's axe "Hatayps" {venom, rF- MR+ Int+2 SInv} (Okawaru gifted it to you on level 11 of the Dungeon)
 11863 | D:11     | Reached XP level 11. HP: 49/79 MP: 11/11
 12195 | D:11     | Found a staircase to the Lair.
 12388 | Lair:1   | Entered Level 1 of the Lair of Beasts
 12430 | Lair:1   | Reached skill level 12 in Axes
 13071 | Lair:1   | Noticed Erica
 13095 | Lair:1   | Killed Erica
 13095 | Lair:1   | Received a gift from Okawaru
 13877 | Lair:2   | Reached skill level 13 in Axes
 14385 | Lair:2   | Noticed Harold
 14400 | Lair:2   | Killed Harold
 14502 | Lair:2   | Noticed Gastronok
 16376 | Lair:3   | Identified a scroll of acquirement
 16377 | Lair:3   | Got a pair of warped boots
 16381 | Lair:3   | Identified the +0 pair of boots "Kaobophe" {rElec} (You acquired it on level 3 of the Lair of Beasts)
 16441 | Lair:2   | Killed Gastronok
 16441 | Lair:2   | Reached skill level 14 in Axes
 16441 | Lair:2   | Reached XP level 12. HP: 40/86 MP: 10/12
 16443 | Lair:2   | Received a gift from Okawaru
 17519 | Lair:3   | Found a hole to the Spider Nest.
 18530 | Lair:4   | Found a snail-covered altar of Cheibriados.
 19904 | Lair:4   | Received a gift from Okawaru
 20259 | Lair:5   | Reached skill level 15 in Axes
 20770 | Lair:6   | Noticed Nergalle
 20784 | Lair:6   | Killed Nergalle
 20784 | Lair:6   | Received a gift from Okawaru
 20787 | Lair:6   | Got a brightly glowing plate armour {god gift}
 20809 | Lair:6   | Identified the +4 plate armour of the Untouchables {Int+3 Curse} (Okawaru gifted it to you on level 6 of the Lair of Beasts)
 20827 | Lair:6   | Reached XP level 13. HP: 89/91 MP: 13/13
 21264 | Lair:6   | Found a staircase to the Swamp.
 21920 | Lair:7   | Found a staircase to the Slime Pits.
 22251 | Lair:8   | Entered Level 8 of the Lair of Beasts
 22261 | Lair:8   | Received a gift from Okawaru
 23024 | Lair:8   | Noticed a dire elephant
 23046 | Lair:8   | Killed a dire elephant
 24362 | Lair:8   | Reached skill level 10 in Shields
 24604 | D:12     | Found a frozen archway.
 24615 | D:12     | Reached skill level 16 in Axes
 24642 | IceCv    | Entered an ice cave
 25445 | IceCv    | Reached XP level 14. HP: 67/100 MP: 14/14
 25632 | D:12     | Received a gift from Okawaru
 26041 | D:12     | Found a staircase to the Orcish Mines.
 26154 | Orc:1    | Entered Level 1 of the Orcish Mines
 26612 | Orc:2    | Noticed Josephine
 26642 | Orc:2    | Killed Josephine
 28311 | Orc:4    | Entered Level 4 of the Orcish Mines
 28524 | Orc:4    | Found a roughly hewn altar of Beogh.
 28658 | Orc:4    | Found a roughly hewn altar of Beogh.
 28658 | Orc:4    | Found Qytemm's Magic Scroll Emporium.
 28709 | Orc:4    | Found a roughly hewn altar of Beogh.
 28861 | Orc:4    | Found a roughly hewn altar of Beogh.
 28878 | Orc:4    | Found Ihurebet's Jewellery Boutique.
 29222 | Orc:4    | Noticed Saint Roka
 29562 | Orc:4    | HP: 5/105 [Saint Roka/battleaxe of freezing (3)]
 29566 | Orc:4    | Killed Saint Roka
 29568 | Orc:4    | Received a gift from Okawaru
 29901 | Orc:3    | Found a staircase to the Elven Halls.
 30279 | Orc:3    | Noticed an orc warlord
 30300 | Orc:3    | Killed an orc warlord
 30300 | Orc:3    | Reached skill level 5 in Invocations
 30541 | Orc:4    | Found a roughly hewn altar of Beogh.
 30541 | Orc:4    | Found Mnupli Cio's Antique Armour Boutique.
 30543 | Orc:4    | Found Cibacoh's Antique Weapon Shop.
 30550 | Orc:4    | Bought a pair of glowing gloves for 171 gold pieces
 30634 | Orc:4    | Found a roughly hewn altar of Beogh.
 30805 | Lair:2   | Got a jewelled plate armour
 30806 | Lair:2   | Identified the +8 plate armour "Judgheux" {Str-4 Int+3} (You acquired it on level 2 of the Lair of Beasts)
 31511 | D:13     | Received a gift from Okawaru
 31511 | D:13     | Reached XP level 15. HP: 29/110 MP: 22/25
 31919 | D:13     | Found an ancient bone altar of Kikubaaqudgha.
 32108 | D:13     | Found a gate to the Vaults.
 32209 | D:13     | Received a gift from Okawaru
 32412 | D:14     | Noticed Urug
 32433 | D:14     | Killed Urug
 33133 | D:15     | Entered Level 15 of the Dungeon
 33673 | D:15     | Found a staircase to the Depths.
 34004 | D:15     | Reached skill level 17 in Axes
 34291 | D:15     | Found a portal to a secret trove of treasure.
 34546 | D:15     | Upgraded the game from 0.15-a0-970-ga23ad50 to 0.15-a0-1004-gbf4e2e6
 34546 | D:15     | Quit the game

Action                   |  1- 3 |  4- 6 |  7- 9 | 10-12 | 13-15 || total
-------------------------+-------+-------+-------+-------+-------++-------
Melee: War axe           |   119 |   275 |   809 |   154 |       ||  1357
       Battleaxe         |       |       |       |   524 |       ||   524
       Broad axe         |       |       |       |   381 |  1654 ||  2035
Invok: Heroism           |       |       |       |    12 |    11 ||    23
       Finesse           |       |       |       |       |     3 ||     3
Evoke: Wand              |       |     5 |     7 |    19 |     8 ||    39
  Use: Scroll            |       |       |    11 |    18 |    13 ||    42
 Stab: Paralysed         |       |       |       |     3 |       ||     3
